cohdb
Replays
Latest Replays
All Replays
Popular Replays
Top Player Replays
Match Explorer
How It Works
Community
CoH3 Stats
Reddit
Sign in to upload your games and track your stats! →
Sign in with Steam
Match 43575514
Unlisted
Match 43575514
Overview
Messages
Build Orders
End
250 Light Carrier
Panzergrenadier Squad
Panzergrenadier Squad
Construct Light Support Kompanie
MG34 Team
Fire Support Elements
2.5-tonne Medical Truck
Selects Italian Infantry
Selects Guastatori Squad
Guastatori Squad
Selects Registered Artillery
Pak 38 Mechanized Group
Construct Panzerarmee Kommand
Selects Towed Cannone da 105/28 Field Howitzer
Armored Reserves
Alex
sigounet
King Raptor
linebettle
ZELOT
Earthdog
Minimizen
NA
0
0
Comments
sign in to comment!
No comments posted yet!